Map: Port Aleksander LE

Players

Tatakae

  • Race: Zerg Zerg
  • League: Grandmaster
  • Spawn Location: 5:00

Lambo - Winner!

  • Race: Zerg Zerg
  • League: Grandmaster
  • Spawn Location: 11:00

VOD

Have the link to the VOD?

Description

Time

  • Played on: Jan. 12, 2019, 2:31 p.m.
  • Length: 9:21
Show
View Real Time Build Order
Export as new Build Order

Tatakae Zerg 

Build Orders: Hatch First 

Get SALT Encoding   

  12  0:00  Drone  
  13  0:13  Overlord  
  13  0:18  Drone  
  14  0:31  Drone x2  
  16  0:49  Hatchery  
  15  0:53  Drone  
  15  0:57  Drone  
  17  1:00  Drone  
  18  1:10  Extractor  
  17  1:15  Spawning Pool  
  16  1:19  Drone  
  16  1:22  Drone  
  18  1:29  Drone  
  19  1:40  Drone  
  20  1:50  Overlord  
  20  2:01  Queen x2  
  24  2:10  Drone x2  
  24  2:11  Metabolic Boost  
  24  2:13  Drone  
  24  2:15  Drone  
  28  2:26  Drone x2  
  30  2:33  Drone  
  31  2:40  Hatchery  
  30  2:47  Drone  
  30  2:48  Baneling Nest  
  30  2:50  Zergling x2  
  31  2:52  Zergling x2  
  31  2:57  Overlord  
  32  3:04  Zergling x2  
  33  3:10  Overlord  
  33  3:12  Drone x3  
  36  3:20  Drone x4  
  40  3:28  Zergling x2  
  40  3:29  Queen  
  40  3:32  Baneling x2  
  40  3:34  Zergling x2  
  44  3:36  Zergling x2  
  45  3:43  Drone x2  
  45  3:44  Evolution Chamber  
  46  3:49  Drone x3  
  46  3:53  Overlord  
  46  3:55  Drone x2  
  51  4:01  Drone  
  51  4:02  Drone  
  53  4:04  Extractor  
  53  4:05  Extractor, Drone x2  
  53  4:11  Zerg Missile Weapons Level 1  
  53  4:16  Drone x3  
  56  4:21  Overlord  
  56  4:26  Roach Warren  
  56  4:30  Lair  
  55  4:33  Drone x3  
  55  4:36  Drone x2  
  59  4:40  Overlord  
  59  4:43  Drone x2  
  61  4:47  Pneumatized Carapace  
  61  4:52  Drone x4  
  65  4:54  Drone  
  65  4:57  Drone x2  
  68  5:01  Extractor  
  68  5:02  Extractor  
  68  5:06  Extractor, Drone x3  
  68  5:07  Overlord  
  68  5:08  Drone  
  68  5:09  Drone x2  
  71  5:18  Evolution Chamber  
  71  5:19  Drone x6  
  76  5:28  Overseer  
  76  5:32  Glial Reconstitution  
  76  5:35  Roach x6  
  88  5:44  Hatchery  
  88  5:45  Overlord  
  88  5:49  Zerg Ground Armor Level 1  
  87  5:51  Overlord  
  87  5:59  Roach  
  89  6:06  Zerg Missile Weapons Level 2  
  89  6:08  Burrow  
  89  6:09  Roach x5  
  99  6:20  Roach x3  
  105  6:30  Overlord x3  
  105  6:31  Overlord x4  
  105  6:42  Drone  
  105  6:43  Hydralisk Den  
  105  6:46  Drone  
  106  6:50  Drone x5  
  106  6:51  Tunneling Claws  
  106  6:52  Roach x6  
  106  6:53  Roach  
  124  7:06  Spore Crawler  
  124  7:07  Spore Crawler  
  124  7:08  Spore Crawler  
  121  7:09  Extractor, Drone, Spore Crawler  
  121  7:12  Spore Crawler  
  121  7:15  Roach x8  
  128  7:25  Roach  
  128  7:26  Overlord  
  128  7:27  Grooved Spines  
  128  7:29  Drone x2  
  129  7:30  Drone  
  129  7:31  Lurker Den  
  128  7:39  Overlord  
  128  7:40  Hydralisk x5  
  134  7:45  Hydralisk x2  
  138  7:55  Hydralisk x5  
  142  7:59  Drone x2  
  142  8:00  Drone  
  142  8:04  Roach x3  
  151  8:10  Overlord  
  151  8:13  Roach x2  
  151  8:15  Roach x7  
  151  8:19  Roach x4  
  160  8:30  Roach x6  
  171  8:39  Roach x3  
  175  8:42  Overlord x2, Roach x2  
  175  8:43  Roach  
  175  8:44  Roach  
  175  8:45  Roach x2  
  175  8:46  Roach  
  175  8:50  Roach  
  175  8:52  Overlord  
  165  8:55  Overlord  
  165  8:59  Roach x7  
  165  9:02  Roach  
Show
View Real Time Build Order
Export as new Build Order

Lambo Zerg - Winner!

Build Orders: Hatch First 

Get SALT Encoding   

  12  0:01  Drone  
  13  0:14  Overlord  
  13  0:18  Drone  
  14  0:32  Drone x2  
  16  0:49  Hatchery  
  15  0:53  Drone  
  15  0:56  Drone  
  17  1:00  Drone  
  18  1:10  Extractor  
  17  1:15  Spawning Pool  
  17  1:18  Drone  
  17  1:21  Drone  
  18  1:29  Drone  
  19  1:40  Drone  
  20  1:54  Drone  
  21  2:01  Queen x2  
  21  2:03  Overlord, Drone  
  26  2:13  Drone x2  
  26  2:15  Metabolic Boost  
  28  2:26  Zergling x4  
  30  2:35  Hatchery  
  29  2:41  Drone x2  
  32  2:44  Drone  
  32  2:46  Drone  
  33  2:54  Baneling Nest  
  33  2:55  Overlord  
  33  2:58  Drone  
  33  3:06  Drone  
  33  3:07  Drone  
  33  3:10  Drone  
  36  3:19  Zergling x4  
  38  3:20  Drone x3  
  38  3:24  Zergling x2  
  42  3:32  Drone  
  42  3:33  Evolution Chamber, Drone  
  43  3:37  Queen, Extractor  
  43  3:39  Overlord  
  44  3:48  Drone  
  46  3:52  Drone x4  
  46  3:55  Overlord, Extractor  
  48  3:56  Extractor  
  48  3:58  Baneling  
  48  3:59  Baneling  
  47  4:04  Zerg Missile Weapons Level 1  
  47  4:06  Drone x4  
  47  4:09  Overlord  
  51  4:17  Drone x3  
  51  4:20  Drone x2  
  51  4:21  Drone  
  57  4:27  Roach Warren  
  57  4:30  Drone x3  
  59  4:36  Lair  
  59  4:38  Drone x2  
  59  4:44  Drone x3  
  63  4:47  Extractor  
  63  4:52  Drone x3  
  65  4:54  Drone  
  65  4:55  Drone  
  65  4:57  Overlord  
  65  4:58  Drone x2  
  69  5:01  Overlord, Extractor  
  69  5:04  Extractor  
  67  5:11  Drone x5  
  72  5:14  Drone  
  72  5:17  Overlord  
  73  5:23  Drone  
  74  5:28  Drone  
  74  5:29  Drone  
  74  5:35  Hatchery, Spire, Glial Reconstitution  
  74  5:36  Roach x3  
  79  5:44  Roach x4  
  79  5:47  Overseer  
  79  5:49  Overlord  
  87  5:51  Overlord  
  87  5:52  Drone  
  87  5:54  Roach  
  90  6:00  Zerg Missile Weapons Level 2  
  90  6:01  Overlord  
  90  6:05  Roach x4  
  90  6:09  Overlord  
  98  6:14  Drone  
  98  6:16  Evolution Chamber  
  98  6:19  Roach  
  98  6:20  Roach x5  
  98  6:22  Overlord  
  110  6:30  Overlord  
  110  6:45  Zerg Ground Armor Level 1  
  110  6:51  Mutalisk x7  
  110  6:53  Overlord  
  122  6:58  Roach x7  
  136  7:07  Roach x3  
  142  7:12  Roach x4  
  142  7:13  Roach  
  148  7:23  Drone x8  
  148  7:26  Overseer  
  148  7:29  Pneumatized Carapace, Overseer  
  156  7:30  Overlord  
  156  7:34  Roach x2  
  156  7:35  Ravager  
  156  7:36  Baneling x2  
  160  7:40  Overlord  
  160  7:41  Overlord  
  160  7:48  Overlord x2  
  160  7:49  Extractor  
  160  7:51  Roach x4  
  166  7:52  Ravager x2  
  167  7:59  Ravager x2  
  167  8:02  Roach x2  
  173  8:06  Roach x3  
  173  8:11  Roach x3  
  185  8:15  Queen  
  185  8:18  Roach x4  
  195  8:20  Roach x2  
  199  8:27  Overlord  
  199  8:34  Overlord  
  180  8:44  Overseer  
  180  8:47  Roach x10  
  200  8:54  Roach x2  
  198  9:01  Roach  
  198  9:02  Roach x5  
Tags
 
Add a new tag
Caveats
  • Supply blocks, unpowered buildings, or Contaminate may cause inaccurate times.
  • Supply counts are checked every 10 seconds.